 Dungeon Crawl Stone Soup version 0.23.0-33-g5e6c059 (webtiles) character file.

Game seed: 5480148302977446138

96 Fang the Skirmisher (level 4, 0/29 HPs)
             Began as a Gargoyle Berserker on Feb 26, 2019.
             Was a Believer of Trog.
             Killed from afar by an orc wizard (7 damage)
             ... with a puff of frost
             ... on level 3 of the Dungeon.
             The game lasted 00:02:01 (1772 turns).

Fang the Skirmisher (Gargoyle Berserker)            Turns: 1772, Time: 00:02:01

Health: 0/29       AC:  5    Str: 21    XL:     4   Next: 67%
Magic:  4/4        EV: 12    Int:  8    God:    Trog [**....]
Gold:   125        SH:  0    Dex:  9    Spells: 3/3 levels left

rFire    . . .     SeeInvis .   a - +0 hand axe
rCold    . . .     Gourm    .   (no shield)
rNeg     + . .     Faith    .   b - +0 animal skin
rPois    ∞         Spirit   .   (no helmet)
rElec    +         Reflect  .   (no cloak)
rCorr    .         Harm     .   (no gloves)
MR       .....                  (no boots)
Stlth    +.........             j - amulet of inaccuracy (curse)
HPRegen  0.09/turn              (no ring)
MPRegen  0.09/turn              (no ring)

@: berserk cooldown, slowed, very slow
A: negative energy resistance 1, electricity resistance, unbreathing,
petrification resistance, rot immunity, AC +3
a: Berserk, Trog's Hand, Renounce Religion


You were on level 3 of the Dungeon.
You worshipped Trog.
Trog was pleased with you.
You were near starving.

You visited 1 branch of the dungeon, and saw 3 of its levels.

You collected 125 gold pieces.

Inventory:

Hand Weapons
 a - a +0 hand axe (weapon)
Armour
 b - a +0 animal skin (worn)
Jewellery
 f - a +2 amulet of reflection
 j - a cursed amulet of inaccuracy (around neck)
 k - an uncursed amulet of rage {unknown}
Wands
 l - a wand of paralysis (6)
Scrolls
 d - a scroll of random uselessness {unknown}
 e - 3 scrolls of identify {unknown}
 i - 3 scrolls of teleportation {unknown}
 r - a scroll of remove curse {unknown}
Potions
 g - a potion of lignification {unknown}
 h - 2 potions of heal wounds {unknown}
 m - a potion of haste {unknown}
 n - a potion of brilliance {unknown}
 o - 2 potions of mutation {unknown}
 p - a potion of might {unknown}
 q - a potion of agility {unknown}
Comestibles
 c - 4 rations


   Skills:
 + Level 4.0 Fighting
 + Level 3.3 Axes
 + Level 3.1 Armour
 + Level 2.3 Dodging


You had 3 spell levels left.
You didn't know any spells.
Your spell library was empty.

Dungeon Overview and Level Annotations

Branches:
Dungeon (3/15)

Altars:
Cheibriados
Dithmenos
Gozag
Makhleb
Qazlal
Trog


Innate Abilities, Weirdness & Mutations

You are resistant to torment.
Your stone body is resilient. (AC +3)
You are immune to poison.
You resist negative energy. (rN+)
You are resistant to electric shocks. (rElec)
You can survive without breathing.
You are immune to petrification.
You are immune to rotting.


Message History

The puff of frost hits you.
* * * LOW HITPOINT WARNING * * *
You are too injured to fight recklessly!
You hit the orc wizard but do no damage.
The orc wizard closely misses you.
The orc wizard hits you but does no damage.
The orc wizard closely misses you.
You hit the orc wizard but do no damage.
The orc wizard hits you but does no damage.
The orc wizard hits you with a +0 dagger.
* * * LOW HITPOINT WARNING * * *
You miss the orc wizard. The orc wizard closely misses you.
The orc wizard misses you. The orc wizard barely misses you.
You barely miss the orc wizard.
The orc wizard hits you but does no damage.
The orc wizard closely misses you.
You miss the orc wizard. The orc wizard casts a spell at you.
The puff of frost hits you!
You die...

### ##>## #...#
######.8.#
##...##.@.#
#<.8..##o##
##...'##†##+
#####.....########
##.8.#........
#............#
##............#
#............#
#............#


You could see an orc wizard.

Vanquished Creatures
  A gnoll (D:1)
  3 adders
  A worm (D:2)
  5 dart slugs (D:1)
  2 leopard geckos
  2 orcs (D:3)
  2 bats
  8 goblins
  2 hobgoblins (D:1)
  2 jackals (D:2)
  6 kobolds
  6 frilled lizards
  6 rats
46 creatures vanquished.

Vanquished Creatures (others)
  An orc wizard (D:3)
1 creature vanquished.

Grand Total: 47 creatures vanquished

Notes
Turn   | Place    | Note
-------+----------+-------------------------------------------
     0 | D:1      | Fang the Gargoyle Berserker began the quest for the Orb.
     0 | D:1      | Reached XP level 1. HP: 14/14 MP: 1/1
    96 | D:1      | Reached XP level 2. HP: 11/19 MP: 2/2
   345 | D:1      | Reached XP level 3. HP: 19/23 MP: 3/3
   884 | D:2      | Reached ** piety under Trog
   990 | D:2      | Reached XP level 4. HP: 18/29 MP: 4/4
  1357 | D:2      | Found a shadowy altar of Dithmenos.
  1363 | D:2      | Reached skill level 4 in Fighting
  1400 | D:2      | Found an opulent altar of Gozag.
  1647 | D:3      | Found a bloodstained altar of Trog.
  1665 | D:3      | Found a snail-covered altar of Cheibriados.
  1668 | D:3      | Found a burning altar of Makhleb.
  1671 | D:3      | Found a stormy altar of Qazlal.
  1772 | D:3      | Killed from afar by an orc wizard

Skill      XL: |  1  2  3  4 |
---------------+-------------+-----
Axes           | 3 |  3.3
Dodging        | 2 |  2.3
Armour         | 3 |  3.1
Fighting       | 4 |  4.0

Action                   |  1- 3 |  4- 6 || total
-------------------------+-------+-------++-------
Melee: Hand axe          |   112 |    72 ||   184
Invok: Berserk           |     1 |     1 ||     2
  Eat: Chunk             |     1 |     2 ||     3
Armor: Animal skin       |    39 |    32 ||    71
Dodge: Dodged            |    72 |    65 ||   137
Block: Other             |     1 |       ||     1
